 Dungeon Crawl Stone Soup version 0.30.1-11-g7821555f0a (webtiles) character file.

Game seed: 14606748702708134528

1468 ChrisAssaf the Ducker (level 9, -3/54 (62) HPs)
             Began as a Djinni Reaver on Dec 7, 2023.
             Killed from afar by an electric eel (10 damage)
             ... with a bolt of electricity
             ... on level 6 of the Dungeon.
             The game lasted 00:21:17 (3492 turns).

ChrisAssaf the Ducker (Djinni Reaver)               Turns: 3492, Time: 00:21:17

HP:   -3/54 (62)    AC:  8    Str: 28    XL:     9   Next: 6%
Gold: 143           EV: 13    Int: 17    God:
                    SH:  0    Dex: 15

rFire   + + .        c - +2 sling "Soqoesm" {drain, Will+ Str+3 Dex+3}
rCold   x . .        (no shield)
rNeg    . . .        d - +0 ring mail of Oblivion {Str+6}
rPois   ∞            (no helmet)
rElec   .            (no cloak)
rCorr   .            e - +1 pair of gloves
SInv    .            (boots unavailable)
Will    +....        k - amulet of regeneration
Stlth   ++           b - +6 ring of strength
HPRegen 1.09/turn    (no ring)
MPRegen 0.00/turn

%: infuse magic (-4 HP)
@: immotile, flying, heavily drained
A: sickness immunity, fire resistance 2, cold vulnerability 1, float, innate
caster, HP casting, extra vitality 1
a: no special abilities


You were on level 6 of the Dungeon.
You visited 1 branch of the dungeon, and saw 6 of its levels.

You collected 143 gold pieces.

Inventory:

Hand Weapons
 c - the +2 sling "Soqoesm" (weapon) {drain, Will+ Str+3 Dex+3}
   (You took it off an orc on level 5 of the Dungeon)

   Str:       It affects your strength (+3).
   Dex:       It affects your dexterity (+3).
   Will:      It increases your willpower.
 i - a +2 quarterstaff of chaos
Missiles
 q - 4 boomerangs
Armour
 d - the +0 ring mail of Oblivion (worn) {Str+6}
   (You took it off an orc on level 5 of the Dungeon)

   Str:       It affects your strength (+6).
 e - a +1 pair of gloves (worn)
 h - a scarf of shadows
 p - a +1 leather armour of fire resistance
Jewellery
 b - a +6 ring of strength (left hand)
 k - an amulet of regeneration (around neck)
Wands
 a - a wand of paralysis (12)
 l - a wand of iceblast (3)
Scrolls
 f - a scroll of magic mapping
 j - a scroll of silence
 r - a scroll of vulnerability
Potions
 g - a potion of attraction
 m - a potion of flight {unknown}
 n - a potion of brilliance
 o - a potion of haste


   Skills:
 * Level 3.7 Fighting
 * Level 4.2(4.5) Polearms
 * Level 2.5(4.0) Staves
 * Level 1.4 Ranged Weapons
 * Level 1.0 Throwing
 * Level 3.7 Armour
 * Level 4.7 Dodging
 * Level 2.6 Stealth
 * Level 3.8 Spellcasting
 * Level 2.5 Evocations


You knew the following spells:

 Your Spells              Type           Power      Damage    Failure   Level
a - Kiss of Death         Conj/Necr      64%        2d10      4%          1
b - Momentum Strike       Conj/Tloc      32%        3d8       8%          2
c - Hailstorm             Conj/Ice       16%        3d6       14%         3
d - Summon Small Mammal   Summ           64%        N/A       4%          1
e - Call Imp              Summ           32%        N/A       8%          2
f - Gell's Gravitas       Tloc           16%        N/A       14%         3
g - Vhi's Electric Charg  Tloc/Air       32%        N/A       14%         3
Your spell library was empty.

Dungeon Overview and Level Annotations

Branches:
Dungeon (5/15)
 Temple: D:4-7

Altars:
Qazlal
Yredelemnul

Shops:
D:4 (

Annotations:
D:3 Sigmund


Innate Abilities, Weirdness & Mutations

You are immune to sickness and miasma.
You are immune to poison.
Your flesh is very heat resistant. (rF++)
You are vulnerable to cold. (rC-)
You float through the air rather than walking.
You learn spells naturally, not from books.
Your magical power is your life essence.
You have superior vitality. (+4 MHP)


Message History

You start resting.
You are no longer robbed of momentum.
You see here a +2 whip of draining.
You see here a +0 flail.
Found an iron wand.
An electric eel comes into view.
An electric eel comes into view.
The electric eel shoots out a bolt of lightning at you!
The bolt of electricity hits you!
The electric eel shoots out a bolt of lightning at you!
The bolt of electricity hits you!
You see here a wand of paralysis (12).
a - a wand of paralysis (12)
The electric eel shoots out a bolt of lightning at you!
The bolt of electricity hits you!
Okay, then.
Casting: Momentum Strike (safe; 8% risk of failure)
Confirm with . or Enter, or press ? or * to list all spells.
Aiming: Momentum Strike (safe; 8% risk of failure)
Press: ? - help, Dir - move target, f - electric eel
Aim: an electric eel (water, 53% to hit)
The concentrated momentum hits the electric eel!
The electric eel is almost dead.
You are unable to move.
The electric eel shoots out a bolt of lightning at you!
The bolt of electricity hits you!
* * * LOW HITPOINT WARNING * * *
The electric eel shoots out a bolt of lightning at you!
The bolt of electricity hits you!
* * * LOW HITPOINT WARNING * * *
Unknown command.
Fire: c) +2 sling "Soqoesm" {drain, Will+ Str+3 Dex+3}
Press: ? - help, Q - select action, (/) - cycle Shift-Dir - straight line, f/p - electric eel
Aim: an electric eel (water, almost dead, 40% to hit)
You shoot a sling bullet. The sling bullet hits the electric eel!
You kill the electric eel!
You hear a splash.
The electric eel shoots out a bolt of lightning at you!
The bolt of electricity hits you!
You die...

#..≈≈≈≈≈.≈≈≈≈S.≈≈≈≈
..................
#.≈≈≈≈≈.≈≈≈≈≈.≈≈≈ #.≈#
#≈.≈# #≈.≈# # #.≈# #≈.≈#
#≈.≈# .≈#
#.≈###≈.≈###≈.≈###≈.≈#
###.≈≈≈≈≈.≈≈≈≈≈.≈≈≈≈≈.≈≈
................@.......
###.≈≈≈≈≈.≈≈≈≈≈.≈≈≈≈≈.≈≈
#.≈###≈.≈###≈.≈###≈.≈#
#.≈# #≈.≈# #≈.≈# .≈#
#.≈# #≈.≈# #≈.≈# #
#.≈≈≈≈≈.≈≈≈≈≈.≈≈≈
#.................
######.###########


You could see an electric eel.

Vanquished Creatures
  Eustachio (D:5)
  A water moccasin (D:5)
  2 black bears
  2 scorpions (D:5)
  3 killer bees (D:5)
  An electric eel (D:6)
  5 hounds
  3 orc priests
  Crazy Yiuf (D:3)
  2 sleepcaps
  3 iguanas (D:5)
  2 orc wizards (D:5)
  4 gnolls (D:5)
  5 adders
  An ufetubus (D:5)
  2 worms (D:2)
  3 dart slugs
  21 orcs
  2 ball pythons
  4 endoplasms
  2 giant cockroaches (D:4)
  4 goblins
  2 hobgoblins
  5 quokkas
  4 frilled lizards
  4 kobolds
  2 rats
91 creatures vanquished.

Vanquished Creatures (collateral kills)
  The ghost of chicagocrazy the Trooper, an amateur DsFi (D:5)
  A phantom (D:4)
2 creatures vanquished.

Grand Total: 93 creatures vanquished

Notes
Turn   | Place    | Note
-------+----------+-------------------------------------------
     0 | D:1      | ChrisAssaf the Djinni Reaver began the quest for the Orb.
     0 | D:1      | ChrisAssaf set off with the following spells memorised:
                  | Kiss of Death, Momentum Strike, Hailstorm.
     0 | D:1      | Reached XP level 1. HP: 18/18 MP: 0/0
   192 | D:1      | Reached XP level 2. HP: 12/21 MP: 0/0
   478 | D:2      | Reached XP level 3. HP: 19/28 MP: 0/0
   478 | D:2      | Learned a level 1 spell: Summon Small Mammal
   627 | D:3      | Noticed Sigmund
   871 | D:3      | Found a runed translucent door.
   872 | D:3      | Noticed Crazy Yiuf
   889 | D:3      | Killed Crazy Yiuf
   890 | D:3      | Reached skill level 1 in Armour
   890 | D:3      | Reached XP level 4. HP: 23/34 MP: 0/0
  1079 | D:4      | Reached skill level 1 in Stealth
  1080 | D:4      | Found Nekluteh's Antique Weapon Shop.
  1135 | D:4      | Reached skill level 1 in Staves
  1135 | D:4      | Reached XP level 5. HP: 25/35 MP: 0/0
  1135 | D:4      | Learned a level 2 spell: Call Imp
  1183 | D:5      | Entered Level 5 of the Dungeon
  1293 | D:5      | Found a runed translucent gate.
  1293 | D:5      | Noticed chicagocrazy's ghost (amateur DsFi)
  1294 | D:5      | Found a runed translucent gate.
  1294 | D:5      | Identified the +2 sling "Soqoesm" {drain, Will+ Str+3
                  | Dex+3}
  1294 | D:5      | Identified the +0 ring mail of Oblivion {Str+6}
  1296 | D:5      | Found a runed translucent gate.
  1429 | D:5      | Reached XP level 6. HP: 39/45 MP: 0/0
  1550 | D:5      | Noticed Eustachio
  1554 | D:5      | Reached skill level 1 in Evocations
  1554 | D:5      | Reached XP level 7. HP: 49/49 MP: 0/0
  1554 | D:5      | Learned a level 3 spell: Gell's Gravitas
  1554 | D:5      | Killed Eustachio
  1567 | D:5      | Found a basalt altar of Yredelemnul.
  1648 | D:5      | Reached XP level 8. HP: 55/56 MP: 0/0
  2639 | D:5      | Killed chicagocrazy's ghost
  2772 | D:4      | Found a stormy altar of Qazlal.
  2921 | D:4      | Reached skill level 1 in Ranged Weapons
  2921 | D:4      | Reached skill level 1 in Throwing
  2921 | D:4      | Reached XP level 9. HP: 50/62 MP: 0/0
  2921 | D:4      | Learned a level 3 spell: Vhi's Electric Charge
  3384 | D:3      | You are sucked into a shaft and drop 3 floors!
  3492 | D:6      | Killed from afar by an electric eel

Illustrated notes

Levels and vault maps discovered:
D:1:      amcnicky_arrival_choice, layout_loops_ring,
          shapermc_ecumenical_altar_mp_ritualfount,
          hangedman_decor_clover_reticule
D:2:      layout_rooms, nicolae_figureground_sparkle
D:3:      layout_basic, zin_academy,
          nicolae_gozag_cash_rules_everything_around_me, minivault_24,
          uniq_sigmund, uniq_grinder, uniq_crazy_yiuf_cottage
D:4:      black_bear_nest_2, layout_basic, overflow_temple_1_default,
          serial_shops, nicolae_shop_trees
D:5:      layout_loops_ring, nicolae_overflow_crystal_walls,
          biasface_ghost_orc_armoury, minmay_fountain_box, uniq_eustachio
D:6:      layout_loops_corners, mainiacjoe_overflow_paths, kennysheep_boxes,
          uniq_duvessa, uniq_edmund

Skill      XL: |  1  2  3  4  5  6  7  8 |
---------------+-------------------------+-----
Armour         | 1 2 3 |  3.7
Stealth        | 1 2 |  2.6
Polearms       | 3 4 |  4.2
Staves         | 1 2 |  2.5
Dodging        | 3 4 |  4.7
Spellcasting   | 3 |  3.8
Evocations     | 1 2 |  2.5
Fighting       | 3 |  3.7
Ranged Weapons | 1 |  1.4
Throwing       | 1 |  1.0

Action                     |  1- 3 |  4- 6 |  7- 9 || total
---------------------------+-------+-------+-------++-------
  Melee: Spear             |    64 |    46 |    78 ||   188
         Punch             |       |       |     1 ||     1
         Sling             |       |       |     2 ||     2
   Fire: Sling             |       |       |    52 ||    52
  Throw: Boomerang         |       |       |    10 ||    10
   Cast: Kiss of Death     |     1 |     2 |     4 ||     7
         Momentum Strike   |     6 |    11 |    23 ||    40
         Summon Small Mamm |     2 |       |       ||     2
         Gell's Gravitas   |       |       |     1 ||     1
         Call Imp          |       |       |     4 ||     4
         Vhi's Electric Ch |       |       |     2 ||     2
  Evoke: Wand              |       |     2 |     2 ||     4
    Use: Scroll            |     7 |     3 |     3 ||    13
         Potion            |       |     2 |     2 ||     4
 Armour: Leather armour    |    18 |    19 |    37 ||    74
         Ring mail         |       |       |    12 ||    12
  Dodge: Dodged            |    46 |    61 |   123 ||   230
